 Dungeon Crawl Stone Soup version 0.27.1-34-g3ba077fa99 (webtiles) character file.

Game seed: 2052290394782659318

8810 zeram the Severer (level 11, -3/82 HPs)
             Began as a Hill Orc Fighter on Jan 5, 2022.
             Was an Initiate of Gozag.
             Slain by Fannar (6 damage)
             ... on level 10 of the Dungeon.
             The game lasted 00:14:02 (11392 turns).

zeram the Severer (Hill Orc Fighter)               Turns: 11392, Time: 00:14:02

Health: -3/82      AC: 14    Str: 23    XL:     11   Next: 36%
Magic:  11/11      EV: 10    Int: 14    God:    Gozag
Gold:   818        SH: 12    Dex: 10    Spells: 10/10 levels left

rFire    . . .     SeeInvis .   a - +1 war axe (venom)
rCold    . . .     Faith    .   c - +0 kite shield
rNeg     . . .     Spirit   .   b - +0 scale mail
rPois    .         Reflect  .   e - +1 helmet
rElec    .         Harm     .   (no cloak)
rCorr    .         Rampage  .   d - +2 pair of gloves
Will     .....                  (no boots)
Stlth    ..........             (no amulet)
HPRegen  0.23/turn              h - +6 ring of intelligence
MPRegen  0.12/turn              r - ring of wizardry

@: no status effects
A: no striking features
a: Renounce Religion, Potion Petition, Call Merchant, Bribe Branch


You were on level 10 of the Dungeon.
You worshipped Gozag.
Gozag was pleased with you.
You visited 2 branches of the dungeon, and saw 11 of its levels.

You collected 1479 gold pieces.
You spent 585 gold pieces at shops.
You paid 76 gold pieces to Gozag.

Inventory:

Hand Weapons
 a - a +1 war axe of venom (weapon)
 z - a +2 executioner's axe of flaming
 B - a +4 morningstar of freezing
Missiles
 y - a throwing net (quivered)
Armour
 b - a +0 scale mail (worn)
 c - a +0 kite shield (worn)
 d - a +2 pair of gloves (worn)
 e - a +1 helmet (worn)
 g - a +0 pair of gloves
 x - a +3 plate armour of willpower
Jewellery
 h - a +6 ring of intelligence (left hand)
 k - a ring of fire
 r - a ring of wizardry (right hand)
 G - a ring of fire
Wands
 t - a wand of polymorph (21)
 w - a wand of flame (17)
 E - a wand of iceblast (9)
Scrolls
 f - 5 scrolls of teleportation
 u - a scroll of magic mapping
 A - 2 scrolls of identify
Potions
 i - a potion of experience {unknown}
 j - 4 potions of flight
 l - 3 potions of brilliance
 m - a potion of magic
 n - a potion of haste
 o - a potion of mutation {unknown}
 p - a potion of curing
 q - a potion of degeneration {unknown}
 s - a potion of attraction {unknown}
 v - 2 potions of berserk rage {unknown}
 C - a potion of invisibility {unknown}
 D - a potion of might
 F - a potion of heal wounds {unknown}


   Skills:
 - Level 3.6 Fighting
 + Level 17.2 Axes
 + Level 9.7 Armour
 + Level 4.1 Dodging
 + Level 10.2 Shields


You had 10 spell levels left.
You didn't know any spells.
Your spell library contained the following spells:

 Spells                   Type           Power      Damage    Failure   Level
 Foxfire                  Conj/Fire      0%         2x1d4     41%         1
 Freeze                   Ice            0%         1d3       41%         1
 Magic Dart               Conj           0%         1d3       41%         1
 Sting                    Tmut/Pois      0%         1d3       41%         1
 Call Imp                 Summ           0%         N/A       54%         2
 Poisonous Vapours        Pois/Air       0%         N/A       54%         2
 Static Discharge         Conj/Air       0%         N/A       54%         2
 Conjure Flame            Conj/Fire      0%         6-21      77%         3
 Frozen Ramparts          Ice            0%         1d2       77%         3
 Ignite Poison            Fire/Tmut/Pois 0%         N/A       77%         3
 Inner Flame              Hex/Fire       0%         N/A       77%         3
 Mephitic Cloud           Conj/Pois/Air  0%         N/A       77%         3
 Ozocubu's Armour         Ice            0%         N/A       77%         3
 Summon Guardian Golem    Hex/Summ       0%         N/A       77%         3
 Animate Armour           Summ/Erth      0%         N/A       98%         4
 Dispel Undead            Necr           0%         3d6       98%         4
 Hailstorm                Conj/Ice       0%         3d3       98%         4
 Ice Form                 Ice/Tmut       0%         N/A       98%         4
 Olgreb's Toxic Radiance  Pois           0%         N/A       98%         4
 Sticky Flame             Conj/Fire      0%         2d3       98%         4
 Summon Ice Beast         Ice/Summ       0%         N/A       98%         4
 Blade Hands              Tmut           0%         N/A       100%        5
 Iron Shot                Conj/Erth      0%         9d1       100%        6
 Statue Form              Tmut/Erth      0%         N/A       100%        6
 Orb of Destruction       Conj           0%         N/A       100%        7
 Ozocubu's Refrigeration  Ice            0%         4d5       100%        7
 Spellforged Servitor     Conj/Summ      0%         N/A       100%        7


Dungeon Overview and Level Annotations

Branches:
Dungeon (10/15)            Temple (1/1) D:6            Lair (0/6) D:8
    Orc: D:9-12

Altars:
Ashenzari
Fedhas
Gozag
Trog
Uskayaw
Vehumet
Wu Jian
Yredelemnul
The Shining One

Shops:
D:2 [

Annotations:
D:10 Fannar


Message History

Fannar is heavily wounded.
You hit Fannar.
Fannar is severely wounded.
Fannar casts a spell.
Fannar drains the heat from the surrounding environment!
* * * LOW HITPOINT WARNING * * *
Unknown command.
You feel better.
Fannar hits you with a +0 quarterstaff of freezing.
* * * LOW HITPOINT WARNING * * *
Fannar freezes you.
* * * LOW HITPOINT WARNING * * *
You feel better.
Fannar hits you with a +0 quarterstaff of freezing.
* * * LOW HITPOINT WARNING * * *
Fannar freezes you.
* * * LOW HITPOINT WARNING * * *
You feel better.
Fannar glares icily.
Fannar hits you but does no damage.
You hit Fannar but do no damage.
Fannar looks as sick as possible!
Fannar is severely wounded.
Fannar casts a spell.
You closely miss Fannar.
Fannar is severely wounded.
Fannar hits you but does no damage.
You completely miss Fannar.
Fannar is severely wounded.
Fannar casts a spell.
Fannar drains the heat from the surrounding environment!
* * * LOW HITPOINT WARNING * * *
You hit Fannar but do no damage.
Fannar looks as sick as possible!
Fannar is severely wounded.
Unknown command.
Your scale mail prevents you from hitting Fannar.
Fannar is severely wounded.
You hit the ice beast but do no damage.
Fannar hits you with a +0 quarterstaff of freezing.
You die...
Your body crumbles into a pile of gold.

## .# #
.. .##
#.##.
#..####
...
.......
#.##...#
#......##
#.......#
#.eY..#.#
#.@.....#
#..###..#
#..# ..#
#..# ..#
#..# ..#
#..# .#
#..# #...


You could see Fannar (extremely poisoned) and an ice beast (summoned).

Vanquished Creatures
  Gastronok (D:8)
  A tengu warrior (D:7)
  A two-headed ogre (D:8)
  The ghost of JamesMcGaha the Protected, a novice GnWn of Ashenzari (D:9)
  A tengu conjurer (D:7)
  2 hornets (D:9)
  3 yaks (D:8)
  The ghost of Flarelocke the Chopper, an amateur HOMo (D:4)
  2 wyverns
  Menkaure (D:7)
  An acid dragon (D:9)
  3 ice beasts (D:9)
  2 sky beasts
  2 orc warriors
  5 ogres
  3 centaurs
  A phantom (D:6)
  A kobold brigand (D:9)
  3 bullfrogs
  3 scorpions
  A wyvern skeleton (D:7)
  A water moccasin skeleton (D:4)
  14 wights
  6 killer bees (D:9)
  2 howler monkeys
  2 centaur zombies (D:8)
  3 hounds (D:5)
  2 centaur skeletons
  2 gnoll shamans (D:8)
  3 orc priests
  Jessica (D:3)
  Natasha (twice) (D:2)
  An iguana (D:5)
  4 orc wizards
  A scorpion zombie (D:5)
  Terence (D:3)
  2 centaur simulacra (D:9)
  A hound skeleton (D:4)
  A killer bee simulacrum (D:9)
  2 howler monkey zombies
  Robin (D:2)
  14 gnolls
  5 adders
  A howler monkey skeleton (D:7)
  3 white imps
  2 howler monkey simulacra (D:9)
  3 worms
  7 dart slugs
  16 orcs
  8 endoplasms
  2 giant cockroaches (D:2)
  13 goblins
  9 hobgoblins
  5 jackals
  14 kobolds
  5 quokkas
  5 ball pythons
  6 bats
  3 frilled lizards
  6 rats
218 creatures vanquished.

Vanquished Creatures (others)
  A fungus (D:7)
1 creature vanquished.

Grand Total: 219 creatures vanquished

Notes
Turn   | Place    | Note
-------+----------+-------------------------------------------
     0 | D:1      | zeram the Hill Orc Fighter began the quest for the Orb.
     0 | D:1      | Reached XP level 1. HP: 19/19 MP: 1/1
    32 | D:1      | Reached skill level 3 in Axes
   202 | D:1      | Reached XP level 2. HP: 26/26 MP: 2/2
   885 | D:1      | Reached XP level 3. HP: 30/31 MP: 3/3
   895 | D:1      | Found a faded altar of an unknown god.
  1437 | D:1      | Reached skill level 4 in Axes
  1556 | D:1      | Identified a scroll of acquirement
  1556 | D:1      | Acquired a manual of Axes
  1914 | D:2      | Noticed Robin
  1928 | D:2      | Killed Robin
  1929 | D:2      | Reached XP level 4. HP: 16/39 MP: 4/4
  2181 | D:2      | Reached skill level 5 in Axes
  2269 | D:2      | Found Akuwk's Armour Emporium.
  2431 | D:2      | Noticed Natasha
  2439 | D:2      | Killed Natasha
  2485 | D:2      | Reached XP level 5. HP: 40/45 MP: 5/5
  2672 | D:2      | Noticed Natasha
  2677 | D:2      | Killed Natasha
  2678 | D:2      | Reached skill level 6 in Axes
  3102 | D:3      | Noticed Terence
  3106 | D:3      | Noticed Jessica
  3108 | D:3      | Killed Terence
  3122 | D:3      | Killed Jessica
  3123 | D:3      | Reached skill level 7 in Axes
  3605 | D:3      | Found a bloodstained altar of Trog.
  3606 | D:3      | Found a broken altar of Ashenzari.
  3608 | D:3      | Found an ornate altar of the Wu Jian Council.
  3888 | D:4      | Found a glowing golden altar of the Shining One.
  3892 | D:4      | Found a radiant altar of Vehumet.
  3956 | D:4      | Found a hide-covered altar of Uskayaw.
  3981 | D:4      | Reached XP level 6. HP: 51/51 MP: 6/6
  4045 | D:4      | Found a runed translucent gate.
  4045 | D:4      | Found a runed translucent gate.
  4046 | D:4      | Found a runed translucent gate.
  4046 | D:4      | Found an opulent altar of Gozag.
  4049 | D:4      | Noticed Flarelocke's ghost (amateur HOMo)
  4060 | D:4      | Killed Flarelocke's ghost
  4061 | D:4      | Reached skill level 8 in Axes
  4061 | D:4      | Reached skill level 1 in Dodging
  4071 | D:4      | Became a worshipper of Gozag Ym Sagoz the Greedy
  4356 | D:4      | Reached skill level 9 in Axes
  4594 | D:4      | Reached skill level 5 in Armour
  4594 | D:4      | Reached XP level 7. HP: 50/57 MP: 7/7
  4769 | D:5      | Entered Level 5 of the Dungeon
  4800 | D:5      | Reached skill level 5 in Shields
  4898 | D:5      | Reached skill level 10 in Axes
  5077 | D:5      | Reached skill level 11 in Axes
  5077 | D:5      | Reached XP level 8. HP: 64/64 MP: 8/8
  5553 | D:6      | Reached skill level 12 in Axes
  5764 | D:6      | Reached skill level 13 in Axes
  6064 | D:6      | Found a staircase to the Ecumenical Temple.
  6343 | D:6      | Reached XP level 9. HP: 70/70 MP: 9/9
  6355 | D:6      | Reached skill level 14 in Axes
  7253 | D:7      | Noticed Menkaure
  7258 | D:7      | Reached skill level 15 in Axes
  7261 | D:7      | Killed Menkaure
  7386 | D:7      | Found a blossoming altar of Fedhas.
  7643 | D:2      | Bought a +3 plate armour of willpower for 585 gold pieces
  7740 | Temple   | Entered the Ecumenical Temple
  7793 | D:8      | Noticed a two-headed ogre
  7793 | D:8      | Noticed a tengu conjurer
  7793 | D:8      | Noticed a tengu warrior
  7805 | D:7      | Killed a tengu conjurer
  7813 | D:7      | Killed a tengu warrior
  7814 | D:7      | Reached XP level 10. HP: 46/77 MP: 10/10
  7968 | D:8      | Killed a two-headed ogre
  8386 | D:8      | Reached skill level 16 in Axes
  8526 | D:8      | Found a staircase to the Lair.
  8848 | D:8      | Noticed Gastronok
  8866 | D:8      | Killed Gastronok
  9111 | D:8      | Got Sif Muna's Collected Works on the Torrid Mountains
  9309 | D:8      | Reached XP level 11. HP: 79/82 MP: 11/11
  9836 | D:9      | Found a runed translucent gate.
  9836 | D:9      | Found a runed translucent gate.
  9836 | D:9      | Found a runed translucent gate.
  9900 | D:9      | Noticed JamesMcGaha's ghost (novice GnWn)
 10403 | D:9      | Found a basalt altar of Yredelemnul.
 10420 | D:9      | Reached skill level 17 in Axes
 11012 | D:9      | Killed JamesMcGaha's ghost
 11013 | D:9      | Reached skill level 10 in Shields
 11312 | D:10     | Entered Level 10 of the Dungeon
 11312 | D:10     | Noticed Fannar
 11390 | D:10     | HP: 3/82 [Fannar/refrigeration (30)]
 11392 | D:10     | Slain by Fannar

Illustrated notes

Levels and vault maps discovered:
D:1:      minmay_arrival_plants_in_alcoves, layout_basic,
          ebering_ecumenical_altar_webs, corexii_leaking_fountain,
          nrook_loot_triangle
D:2:      minmay_wonky_spiral, layout_basic, serial_shops, shop,
          minmay_tromino_v4_b, uniq_natasha, uniq_robin
D:3:      layout_basic, minitemple, kennysheep_pointless_box, uniq_jessica,
          uniq_terence
D:4:      layout_loops_ring, nicolae_uskayaw_murder_on_the_dancefloor,
          chequers_temple_overflow_statue_of_worship, ebering_ghost_gozag
D:5:      layout_rooms
D:6:      layout_loops_ring, minmay_temple_entry_trees,
          chequers_serial_rivers_micro_d
D:7:      layout_basic, mainiacjoe_overflow_boulevard, eino_curves_04,
          minmay_misc_feat_columns, uniq_menkaure
D:8:      layout_gridville, lair_entry_dummy, uniq_gastronok
D:9:      layout_roguey, mainiacjoe_overflow_24_doors, gammafunk_ghost_icy,
          fountainhead
D:10:     layout_basic, uniq_fannar
Temple:   jpeg_temple_clearing

Skill      XL: |  1  2  3  4  5  6  7  8  9 10 11 |
---------------+----------------------------------+-----
Axes           | 3 4 5 7 9 11 13 15 16 17 | 17.2
Armour         | 4 5 6 7 9 |  9.7
Shields        | 4 5 6 7 9 10 | 10.2
Dodging        | 1 2 3 4 |  4.1
Fighting       | |  3.6

Action                   |  1- 3 |  4- 6 |  7- 9 | 10-12 || total
-------------------------+-------+-------+-------+-------++-------
Melee: War axe           |   103 |   133 |   210 |   333 ||   779
  Use: Scroll            |     4 |     5 |     4 |     1 ||    14
       Potion            |       |     1 |       |     5 ||     6
 Stab: Distracted        |       |       |       |     2 ||     2
Armor: Scale mail        |    54 |    49 |    98 |    86 ||   287
Dodge: Dodged            |    40 |    39 |    61 |    59 ||   199
Block: Kite shield       |    61 |    59 |   100 |   138 ||   358
